 Dungeon Crawl Stone Soup version 0.14-a0-586-g2535b90 (webtiles) character file.

7297 Malachi the Unseen (level 10, 0/63 HPs)
             Began as a Vampire Enchanter on Nov 3, 2013.
             Was a Priest of Kikubaaqudgha.
             Slain by a hippogriff (7 damage)
             ... on Level 8 of the Dungeon.
             The game lasted 00:35:45 (12667 turns).

Malachi the Unseen (Vampire Enchanter)             Turns: 12667, Time: 00:35:45

HP   0/63        AC  2     Str  7      XL: 10   Next: 81%
MP  10/18        EV 15     Int 20      God: Kikubaaqudgha [***...]
Gold 341         SH  0     Dex 14      Spells:  2 memorised,  6 levels left

Res.Fire  : . . .   See Invis. : +   a - +2,+1 dagger
Res.Cold  : . . .   Warding    : .   K - +0 elf robe
Life Prot.: + . .   Conserve   : .   (no shield)
Res.Poison: .       Res.Corr.  : .   (no helmet)
Res.Elec. : .       Clarity    : .   (no cloak)
Sust.Abil.: . .     Spirit.Shd : .   (no gloves)
Res.Mut.  : .       Stasis     : .   (no boots)
Res.Rott. : .       Flight     : .   (no amulet)
Saprovore : . . .                    (no ring)
                                     (no ring)

@: somewhat resistant to hostile enchantments, extraordinarily stealthy
A: bottle blood, fangs 3, see invisible, unbreathing
a: Bat Form, Bottle Blood, Receive Corpses, Renounce Religion


You were on level 8 of the Dungeon.
You worshipped Kikubaaqudgha.
Kikubaaqudgha was most pleased with you.
You were not thirsty.

You visited 2 branches of the dungeon, and saw 10 of its levels.

You collected 341 gold pieces.

Inventory:

Hand weapons
 a - a +2,+1 dagger (weapon)
 m - the +0,+0 Staff of Olgreb {rPois}
   (You took it off a hobgoblin on level 5 of the Dungeon)

   It protects you from poison.
 x - a +0 blowgun
Missiles
 d - 10 darts (quivered)
 e - 5 tomahawks
 h - 45 poisoned needles
 t - 3 needles of sleeping
Armour
 b - a +1 robe
 k - a +0 troll hide {Purgy}
 A - the +1 robe "Wifuss" {Dex+3 Int-3 Dam+4}
   (You found it on level 5 of the Dungeon)

   It affects your intelligence (-3).
   It affects your dexterity (+3).
   It affects your damage-dealing abilities (+4).
 K - a +0 elven robe (worn)
Magical devices
 g - a wand of frost (16)
 l - a wand of magic darts (8)
 y - a wand of flame (4)
 F - a wand of lightning (4)
 I - a wand of flame (0)
Scrolls
 i - 6 scrolls of enchant armour {unknown}
 n - 3 scrolls of magic mapping
 o - a scroll of acquirement {unknown}
 s - a scroll of amnesia
 u - 4 scrolls of identify
 v - 2 scrolls of remove curse
 C - 3 scrolls of recharging
 E - 2 scrolls of immolation {unknown}
 L - a scroll of enchant weapon I
Jewellery
 f - a +4,+5 ring of slaying {unknown}
Potions
 j - a potion of restore abilities
 p - 3 potions of brilliance
 q - 4 potions of curing
 w - 2 potions of agility
 z - a potion of beneficial mutation {unknown}
 D - a potion of might {unknown}
 H - a potion of speed {unknown}
 M - a potion of blood
Books
 c - a book of Maledictions

   Spells                             Type                      Level
   Corona                             Hexes                        1
   Sure Blade                         Hexes/Charms                 2
   *Ensorcelled Hibernation           Hexes/Ice                    2
   *Confuse                           Hexes                        3
   Enslavement                        Hexes                        4
   Invisibility                       Hexes                        6
 G - Kikubaaqudgha's Catalogue of Unholy Secrets
   (Kikubaaqudgha gifted it to you on level 7 of the Dungeon)

   Spells                             Type                      Level
   Animate Skeleton                   Necromancy                   1
   Lethal Infusion                    Charms/Necromancy            2
   Sublimation of Blood               Necromancy                   2
   Vampiric Draining                  Necromancy                   3
   Control Undead                     Necromancy                   4
 J - a book of Envenomations

   Spells                             Type                      Level
   Spider Form                        Transmutation/Poison         3
   Poison Weapon                      Charms/Poison                3
   Summon Scorpions                   Summoning/Poison             4
   Olgreb's Toxic Radiance            Poison                       4
   Poisonous Cloud                    Conjuration/Poison/Air       6


   Skills:
 + Level 6.7 Short Blades
 - Level 0.7 Throwing
 + Level 5.5 Dodging
 * Level 16.8 Stealth
 - Level 1.0 Spellcasting
 * Level 11.6 Hexes
 - Level 2.0 Ice Magic
 * Level 4.0 Evocations


You had 6 spell levels left.
You knew the following spells:

 Your Spells              Type           Power        Failure   Level  Hunger
b - Ensorcelled Hibernat  Hex/Ice        ####..       1%          2    ###....
c - Confuse               Hex            #####...     1%          3    ####...


Dungeon Overview and Level Annotations

Branches:
Dungeon (9/27)             Temple (1/1) D:5             Orc (0/4) D:7
   Lair: D:8-13

Altars:
Ashenzari
Cheibriados
Elyvilon
Fedhas
Kikubaaqudgha
Makhleb
Nemelex Xobeh
Okawaru
Sif Muna
Trog
Vehumet
Xom
Yredelemnul
Zin
the Shining One

Shops:
D:8 **


Innate Abilities, Weirdness & Mutations

You can bottle blood from corpses.
You have razor-sharp teeth.*
You have supernaturally acute eyesight.
You can survive without breathing.*


Message History

The centaur wields an uncursed bow.
The centaur shoots an arrow.
The arrow misses you. The hippogriff bites you. The hippogriff pecks you.
The hippogriff claws you but does no damage.
You see here an arrow.
There is a stone staircase leading up here.
The giant frog hits you. The hippogriff bites you!
* * * LOW HITPOINT WARNING * * *
The hippogriff pecks you!
* * * LOW HITPOINT WARNING * * *
The hippogriff barely misses you.
You climb upwards.
There is a stone staircase leading down here.
Read which item? (? for menu, Esc to quit)
Okay, then.
Drink which item? (? for menu, Esc to quit)
You feel better. The giant frog hits you!
* * * LOW HITPOINT WARNING * * *
The hippogriff bites you!
You die...
Kikubaaqudgha rasps: "You have failed me!
Welcome... oblivion!"

..............(#''#..#
>[.................).#
.....................#
..).(................#
.........)...........#
..................<).#
###############.[....#
#F.H(..# #.@[...#
#......# #......#
#......# #......#
###############......#
..........)..........#
.%...................#
...............(.....#


You could see a hippogriff and a giant frog.

Vanquished Creatures
  An unseen horror (D:8)
  4 trolls
  A spriggan (D:8)
  Prince Ribbit (D:5)
  A slime creature (D:8)
  A boulder beetle (D:8)
  2 wyverns
  A yak (D:8)
  Eustachio (D:8)
  A manticore (D:9)
  Edmund (D:4)
  Menkaure (D:4)
  An ogre (D:5)
  Purgy (D:3)
  An ice beast (D:6)
  A yellow wasp (D:8)
  2 orc warriors (D:6)
  2 phantoms
  Sigmund (D:2)
  Duvessa (D:8)
  4 giant frogs
  4 centaurs
  2 gnoll sergeants (D:8)
  A water moccasin (D:6)
  A wyvern skeleton (D:8)
  12 wights
  4 jellies
  3 crimson imps
  An orc priest (D:8)
  Dowan (D:8)
  12 hounds
  A giant frog skeleton (D:8)
  2 gnoll shamans (D:8)
  An iguana (D:4)
  6 orc wizards
  A scorpion (D:4)
  A water moccasin skeleton (D:4)
  15 worker ants
  20 gnolls (D:8)
  9 adders
  A giant mite (D:6)
  3 worms
  2 giant eyeballs
  A giant gecko (D:7)
  2 oozes
  13 orcs
  A bat skeleton (D:5)
  12 goblins
  16 hobgoblins
  3 jackals
  12 kobolds
  4 quokkas
  15 bats
  3 giant cockroaches
  9 giant newts
  A hobgoblin zombie (D:7)
  An orc zombie (D:9)
  13 rats
239 creatures vanquished.

Vanquished Creatures (others)
  A worker ant (D:5)
  An adder (D:5)
2 creatures vanquished.

Grand Total: 241 creatures vanquished

Notes
Turn   | Place    | Note
--------------------------------------------------------------
     0 | D:1      | Malachi, the Vampire Enchanter, began the quest for the Orb.
     0 | D:1      | Reached XP level 1. HP: 13/13 MP: 4/4
     7 | D:1      | Noticed a giant frog
   502 | D:2      | Reached XP level 2. HP: 19/19 MP: 3/5
   598 | D:2      | Reached skill level 5 in Hexes
  1075 | D:2      | Learned a level 2 spell: Ensorcelled Hibernation
  1302 | D:2      | Reached XP level 3. HP: 22/24 MP: 4/6
  1602 | D:2      | Noticed Sigmund
  2065 | D:3      | Noticed Purgy
  2207 | D:3      | Noticed a centaur
  2211 | D:3      | Killed a centaur
  2211 | D:3      | Reached XP level 4. HP: 12/30 MP: 5/8
  2668 | D:3      | Reached skill level 5 in Stealth
  2791 | D:3      | Reached XP level 5. HP: 35/35 MP: 4/9
  3120 | D:4      | Noticed Menkaure
  3577 | D:4      | Reached skill level 6 in Stealth
  3688 | D:4      | Reached skill level 1 in Ice Magic
  3688 | D:4      | Reached XP level 6. HP: 41/41 MP: 3/10
  3893 | D:4      | Reached skill level 7 in Stealth
  4527 | D:4      | Noticed Edmund
  4557 | D:4      | Killed Edmund
  4557 | D:4      | Reached skill level 8 in Stealth
  4557 | D:4      | Reached XP level 7. HP: 32/46 MP: 4/11
  4748 | D:5      | Entered Level 5 of the Dungeon
  4776 | D:5      | Noticed Prince Ribbit
  4968 | D:5      | Learned a level 3 spell: Confuse
  4983 | D:5      | Got a heavily jewelled robe
  4990 | D:5      | Identified the +1 robe "Wifuss" {Dex+3 Int-3 Dam+4} (You found it on level 5 of the Dungeon)
  5251 | D:5      | Reached skill level 9 in Stealth
  5422 | D:4      | Killed Menkaure
  5691 | D:3      | Killed Purgy
  5691 | D:3      | Reached skill level 10 in Stealth
  5691 | D:3      | Reached XP level 8. HP: 47/52 MP: 8/13
  5806 | D:2      | Killed Sigmund
  6033 | D:5      | Killed Prince Ribbit
  6164 | D:5      | Found a staircase to the Ecumenical Temple.
  6174 | Temple   | Entered the Ecumenical Temple
  6270 | Temple   | Became a worshipper of Kikubaaqudgha
  6355 | D:5      | Reached skill level 11 in Stealth
  6824 | D:6      | Reached skill level 1 in Evocations
  6959 | D:6      | HP: 1/52 [centaur/arrow (12)]
  7562 | D:6      | Reached skill level 12 in Stealth
  7864 | D:6      | Reached skill level 5 in Short Blades
  7921 | D:6      | Reached XP level 9. HP: 23/57 MP: 3/14
  9119 | D:7      | Found a bloodstained altar of Trog.
  9119 | D:7      | Found a radiant altar of Vehumet.
  9157 | D:7      | Reached skill level 13 in Stealth
  9468 | D:7      | Found a staircase to the Orcish Mines.
  9626 | D:7      | Acquired Kikubaaqudgha's first power
  9626 | D:7      | Received a gift from Kikubaaqudgha
  9629 | D:7      | Identified Kikubaaqudgha's Catalogue of Unholy Secrets (Kikubaaqudgha gifted it to you on level 7 of the Dungeon)
  9706 | D:8      | Noticed Eustachio
  9714 | D:8      | Killed Eustachio
  9805 | D:8      | Reached skill level 10 in Hexes
  9862 | D:8      | Noticed an unseen horror
  9865 | D:8      | Killed an unseen horror
  9865 | D:8      | Reached skill level 14 in Stealth
  9877 | D:8      | Reached XP level 10. HP: 63/63 MP: 18/18
  9902 | D:8      | Reached skill level 15 in Stealth
 10038 | D:8      | Reached skill level 5 in Dodging
 10082 | D:8      | Found Aduzia's General Store.
 10255 | D:8      | Noticed Dowan
 10258 | D:8      | Noticed Duvessa
 10265 | D:8      | Found a glowing silver altar of Zin.
 10265 | D:8      | Found Zin's Purification Station.
 10520 | D:8      | Acquired Kikubaaqudgha's second power
 10790 | D:8      | Killed Dowan
 10974 | D:8      | Killed Duvessa
 11171 | D:8      | Reached skill level 16 in Stealth
 11683 | D:9      | Got an ebony war axe
 11684 | D:9      | Identified the cursed -1,-2 war axe of Prudence {elec, rN+} (You found it on level 9 of the Dungeon)
 11684 | D:9      | Identified the cursed -1,-2 war axe of Prudence {elec, rN+} (You found it on level 9 of the Dungeon)
 11806 | D:9      | Received a gift from Kikubaaqudgha
 12667 | D:8      | Slain by a hippogriff

Action                   |  1- 3 |  4- 6 |  7- 9 | 10-12 || total
-------------------------+-------+-------+-------+-------++-------
Melee: Dagger            |    88 |    90 |   189 |    95 ||   462
Throw: Dart              |       |     9 |       |       ||     9
 Cast: Corona            |    14 |       |       |       ||    14
       Ensorcelled Hiber |     6 |    47 |    42 |    48 ||   143
       Confuse           |       |       |    35 |    17 ||    52
 Abil: End Transformatio |     1 |       |       |       ||     1
       Bat Form          |     1 |       |       |       ||     1
       Bottle Blood      |       |       |       |     1 ||     1
Evoke: Wand              |       |       |    27 |       ||    27
  Use: Potion            |       |     1 |     1 |     3 ||     5
       Scroll            |       |       |    17 |     5 ||    22
 Stab: Sleeping          |     8 |    35 |    47 |    38 ||   128
       Distracted        |       |     1 |       |       ||     1
       Confused          |       |       |     9 |     5 ||    14
